AoeStats
← 學友哥哥

Arena

510115386Analyzed
1v1 RM · 2d ago on Sep 29, 2026· 16m 47s· 2 players
Game mode
Random Map
Map size
Tiny (2 player)
Population
200
Speed
Normal
Resources
Standard
Victory
Conquest
Starting age
Dark Age
Ending age
Imperial Age
RankedLock teamsTeams togetherTeam positionsShared explorationLock speedFull tech treeHidden civsTurbo modeCheats
Victory
Defeat
🇹🇼 Mongols · Taiwan
1083
+17
🇷🇺 Bohemians · Russia
1097
-17
學友哥哥
10:51 Feudal Age
14:34 Castle Age
12:57 Double-Bit Axe
13:27 Fletching
15:05 Loom
HeraTozhe
10:55 Feudal Age
16:42 Castle Age
15:00 Double-Bit Axe
Connection lost

Rejoining the realm…

Still unreachable

The connection could not be restored.

Session expired

The server has moved on; the page needs a fresh start.